 Dungeon Crawl Stone Soup version 0.31-a0-204-g7da18cac08 (webtiles) character file.

Game seed: 5335792744820363341

149 lunkers the Ducker (level 5, -2/38 HPs)
             Began as a Meteoran Wanderer on June 27, 2023.
             Slain by an orc wizard
             ... wielding a +0 dagger
              (4 damage)
             ... on level 6 of the Dungeon.
             The game lasted 00:03:37 (890 turns).

lunkers the Ducker (Meteoran Wanderer)               Turns: 890, Time: 00:03:38

Health: -2/38      AC:  1    Str: 12    XL:     5   Next: 89%
Magic:  10/10      EV: 13    Int: 17    God:
Gold:   88         SH:  0    Dex: 13    Spells: 6/9 levels left

rFire   . . .        a - +3 hand axe (elec)
rCold   . . .        (no shield)
rNeg    . . .        d - +2 leather armour
rPois   .            (no helmet)
rElec   .            (no cloak)
rCorr   .            (no gloves)
SInv    .            (no boots)
Will    .....        (no amulet)
Stlth   +            (no ring)
HPRegen 0.26/turn    (no ring)
MPRegen 0.12/turn

%: no passive effects
@: corroded, glowing
A: sense surroundings 1, otherworldly, glowing, explore regen
a: no special abilities


You were on level 6 of the Dungeon.
You visited 1 branch of the dungeon, and saw 5 of its levels.

You collected 88 gold pieces.

Inventory:

Hand Weapons
 a - a +3 hand axe of electrocution (weapon)
 b - a +0 short sword of freezing
 h - a +0 dagger
Missiles
 k - 3 curare-tipped darts
Armour
 d - a +2 leather armour (worn)
Scrolls
 c - a scroll of silence
 e - a scroll of poison
Potions
 f - a potion of lignification
 g - a potion of haste {unknown}
 j - a potion of heal wounds {unknown}
 l - a potion of attraction {unknown}
 m - a potion of cancellation {unknown}
 n - a potion of enlightenment {unknown}


   Skills:
 - Level 4.3 Short Blades
 + Level 3.0 Axes
 - Level 1.2 Armour
 - Level 6.0 Dodging
 - Level 2.6 Spellcasting
 - Level 1.2 Fire Magic
 - Level 1.2 Invocations


You had 6 spell levels left.
You knew the following spells:

 Your Spells              Type           Power      Damage    Failure   Level
b - Passwall              Tmut/Erth      1%         N/A       34%         2
p - Foxfire               Conj/Fire      16%        2x1d4     19%         1

Your spell library contained the following spells:

 Spells                   Type           Power      Damage    Failure   Level
 Ensorcelled Hibernation  Hex/Ice        4%         N/A       34%         2
 Ignite Poison            Fire/Tmut/Pois 3%         N/A       52%         3
 Swiftness                Air            2%         N/A       56%         3


Dungeon Overview and Level Annotations

Branches:
Dungeon (4/15) Zot: 2113
 Temple: D:4-7

Altars:


Innate Abilities, Weirdness & Mutations

You passively map a small area around you.
You are easily found by Zot.
You glow in the dark.
You regain HP and MP as you explore.


Message History

Something hits you. The jelly closely misses you.
You hear some strange, mumbled words.
A puff of flame appears from out of thin air!
The puff of flame hits you!
* * * LOW HITPOINT WARNING * * *
You hit the jelly. Lightning courses through the jelly!
You kill the jelly!
You closely miss something. Something hits you.
* * * LOW HITPOINT WARNING * * *
Your Axes skill increases to level 3!
You miss something.
A lemure comes into view.
Something hits you.
* * * LOW HITPOINT WARNING * * *
You hit something. Something hits you.
* * * LOW HITPOINT WARNING * * *
You closely miss something. Something hits you.
* * * LOW HITPOINT WARNING * * *
Unknown command.
You closely miss something. You barely miss the lemure.
You hear some strange, mumbled words.
You are confused.
The lemure hits you.
* * * LOW HITPOINT WARNING * * *
Your magical contamination has completely faded away.
Unknown command.
You miss something. You barely miss the lemure. Something hits you.
* * * LOW HITPOINT WARNING * * *
The lemure hits you.
* * * LOW HITPOINT WARNING * * *
You feel better. The lemure hits you!
* * * LOW HITPOINT WARNING * * *
Something hits you.
* * * LOW HITPOINT WARNING * * *
The lemure attacks as you move away! The lemure hits you!
* * * LOW HITPOINT WARNING * * *
A lemure comes into view.
The lemure shouts!
The lemure barely misses you. Something hits you.
You die...

* ####
############# .....
, , +........#..#
..... ,
#........'..#......
,
###########)#......
, .......@{...... *
.......55......
............... ,
,.........##+#.., ,
, * ,.....##### *
., * ..... , ,
.....* , *, .... ,
, * ... , ,


You could see 2 lemures.

Vanquished Creatures
  A jelly (D:6)
  A sleepcap (D:3)
  3 adders
  A gnoll (D:1)
  An ufetubus (D:4)
  2 worms (D:3)
  A dart slug (D:1)
  2 orcs (D:6)
  3 ball pythons
  4 bats
  5 endoplasms
  A giant cockroach (D:2)
  3 goblins
  3 hobgoblins
  4 kobolds
  A frilled lizard (D:1)
  5 rats
41 creatures vanquished.

Vanquished Creatures (others)
  115 foxfires
115 creatures vanquished.

Grand Total: 156 creatures vanquished

Notes
Turn   | Place    | Note
-------+----------+-------------------------------------------
     0 | D:1      | lunkers the Meteoran Wanderer began the quest for the Orb.
     0 | D:1      | lunkers set off with the following items: a +0 dagger, a
                  | potion of lignification, a scroll of silence, a +2 leather
                  | armour; and the following spell memorised: Foxfire; and the
                  | following spells available to memorise: Ignite Poison.
     0 | D:1      | Reached XP level 1. HP: 14/14 MP: 5/5
    22 | D:1      | Reached skill level 1 in Short Blades
    29 | D:1      | Reached XP level 2. HP: 13/20 MP: 0/6
   132 | D:1      | Reached XP level 3. HP: 26/26 MP: 2/8
   309 | D:2      | Reached XP level 4. HP: 33/33 MP: 5/9
   480 | D:3      | HP: 1/33 [sleepcap (3)]
   488 | D:3      | Reached XP level 5. HP: 5/38 MP: 0/10
   615 | D:3      | Reached skill level 1 in Axes
   713 | D:3      | Learned a level 2 spell: Passwall
   867 | D:4      | You fall into a shaft and drop 2 floors!
   882 | D:6      | Noticed a lemure
   884 | D:6      | Noticed a lemure
   890 | D:6      | HP: 1/38 [lemure[Pikel] (9)]
   890 | D:6      | Noticed a lemure
   890 | D:6      | Slain by an orc wizard

Illustrated notes

Levels and vault maps discovered:
D:1:      dpeg_arrival_more_subterranean_lakeside_camping, layout_loops_corners,
          chequers_serial_rivers_room_b
D:2:      layout_loops_cross, ebering_ecumenical_altar_mist
D:3:      layout_basic, demons_altar, nicolae_concentric_dashed_squares_mild,
          minmay_increasing_density
D:4:      layout_rooms, mainiacjoe_overflow_small_starburst, serial_shops,
          nicolae_shop_gaudy_bauble, fountainhead
D:6:      layout_gridville, yredelemnul_altar_generic, kennysheep_mini,
          amcnicky_altar_gilded, minmay_temple_entry_butterflies, uniq_pikel,
          uniq_sigmund

Skill      XL: |  1  2  3  4  5 |
---------------+----------------+-----
Short Blades   | 1 2 3 4 |  4.3
Axes           | 3 |  3.0
Armour         | |  1.2
Dodging        | |  6.0
Spellcasting   | |  2.6
Fire Magic     | |  1.2
Invocations    | |  1.2

Action                     |  1- 3 |  4- 6 || total
---------------------------+-------+-------++-------
  Melee: Dagger            |    46 |     2 ||    48
         Short sword       |       |    25 ||    25
         Punch             |       |     1 ||     1
         Hand axe          |       |    31 ||    31
   Cast: Foxfire           |    28 |    40 ||    68
    Use: Scroll            |     2 |     2 ||     4
         Potion            |       |     1 ||     1
 Armour: Leather armour    |    20 |     9 ||    29
  Dodge: Dodged            |    29 |    35 ||    64

Table legend: (Time is in decaauts)
 A = Elapsed time spent in this place.
 B = Non-inter-level travel time spent in this place.
 C = Inter-level travel time spent in this place.
 D = Time resting spent in this place.
 E = Time spent auto-exploring this place.
 F = Levels seen in this place.
 G = Mean time per level.
                   A        B        C        D        E       F      G
               +--------+--------+--------+--------+--------+-----+--------+
         Total |    885 |    784 |    101 |      0 |    445 |   5 |  177.0 |
       Dungeon |    885 |    784 |    101 |      0 |    445 |   5 |  177.0 |
               +--------+--------+--------+--------+--------+-----+--------+

Top non-repeatable levels by time:
     D:3: 331 daAuts
     D:2: 242 daAuts
     D:1: 206 daAuts
     D:4: 82 daAuts
     D:6: 24 daAuts
